 Dungeon Crawl Stone Soup version 0.27-a0-1188-g73eefd5def (webtiles) character file.

Game seed: 14130992391168408410

104 pcat the Gusty (level 4, -2/24 HPs)
             Began as a Deep Elf Air Elementalist on May 21, 2021.
             Slain by Grinder (9 damage)
             ... on level 3 of the Dungeon.
             The game lasted 00:08:22 (2626 turns).

pcat the Gusty (Deep Elf Air Elementalist)          Turns: 2626, Time: 00:08:23

Health: -2/24      AC:  2    Str:  5    XL:     4   Next: 52%
Magic:  5/12       EV: 12    Int: 21    God:
Gold:   134        SH:  0    Dex: 15    Spells: 10/11 levels left

rFire    . . .     SeeInvis +   n - +0 whip
rCold    . . .     Faith    .   (no shield)
rNeg     . . .     Spirit   .   a - +0 robe
rPois    .         Reflect  .   (no helmet)
rElec    .         Harm     .   (no cloak)
rCorr    .         Rampage  .   (no gloves)
Will     .....                  (no boots)
Stlth    ++........             (no amulet)
HPRegen  0.08/turn              b - ring of see invisible
MPRegen  0.13/turn              (no ring)

@: very slightly contaminated
A: no striking features
a: no special abilities


You were on level 3 of the Dungeon.
You visited 1 branch of the dungeon, and saw 3 of its levels.

You collected 134 gold pieces.

Inventory:

Hand Weapons
 i - a +0 club
 n - a +0 whip (weapon)
Missiles
 c - 89 stones
Armour
 a - a +0 robe (worn)
 j - a +1 scale mail of fire resistance
Jewellery
 b - a ring of see invisible (left hand)
Scrolls
 d - a scroll of amnesia {unknown}
 h - 3 scrolls of teleportation {unknown}
 k - a scroll of identify {unknown}
 l - 2 scrolls of magic mapping {unknown}
 p - a scroll of fog {unknown}
Potions
 e - a potion of attraction {unknown}
 f - a potion of heal wounds {unknown}
 g - 3 potions of curing {unknown}
 m - a potion of haste {unknown}
 o - a potion of berserk rage {unknown}


   Skills:
 + Level 0.8 Fighting
 - Level 2.6 Dodging
 - Level 2.6 Stealth
 * Level 4.1 Spellcasting
 + Level 2.0 Conjurations
 * Level 4.1 Air Magic


You had 10 spell levels left.
You knew the following spells:

 Your Spells              Type           Power      Damage    Failure   Level
a - Shock                 Conj/Air       68%        1d7       3%          1

Your spell library contained the following spells:

 Spells                   Type           Power      Damage    Failure   Level
 Static Discharge         Conj/Air       17%        N/A       4%          2
 Swiftness                Air            21%        N/A       6%          3
 Airstrike                Air            10%        N/A       22%         4
 Lightning Bolt           Conj/Air       8%         1d21      67%         5


Dungeon Overview and Level Annotations

Branches:
Dungeon (3/15)

Altars:

Annotations:
D:3 2 transporters, Grinder; Zonian's ghost, weakling DrCj


Message History

Aiming: Shock (safe; 3% risk of failure)
Press: ? - help, Shift-Dir - straight line You miscast Shock.
You are very lightly contaminated with residual magic.
Nothing appears to happen.
Grinder hits you.
You writhe in agony.
Casting: Shock (safe; 3% risk of failure)
Confirm with . or Enter, or press ? or * to list all spells.
Aiming: Shock (safe; 3% risk of failure)
Press: ? - help, Shift-Dir - straight line The zap hits Grinder but does no damage.
Grinder is moderately wounded.
The zap hits Grinder.
Grinder is moderately wounded.
Grinder hits you!
You writhe in agony.
* * * LOW HITPOINT WARNING * * *
Casting: Shock (safe; 3% risk of failure)
Confirm with . or Enter, or press ? or * to list all spells.
Aiming: Shock (safe; 3% risk of failure)
Press: ? - help, Shift-Dir - straight line The zap hits Grinder.
Grinder is moderately wounded.
The zap hits Grinder!
Grinder is heavily wounded.
Grinder blinks!
Casting: Shock (safe; 3% risk of failure)
Confirm with . or Enter, or press ? or * to list all spells.
Aiming: Shock (safe; 3% risk of failure)
Press: ? - help, Shift-Dir - straight line, f - Grinder
Aim: Grinder (heavily wounded, 68% to hit)
The zap hits Grinder.
Grinder is severely wounded.
Casting: Shock (safe; 3% risk of failure)
Confirm with . or Enter, or press ? or * to list all spells.
Aiming: Shock (safe; 3% risk of failure)
Press: ? - help, Shift-Dir - straight line, f/p - Grinder
Aim: Grinder (severely wounded, 68% to hit)
The zap hits Grinder.
Grinder is almost dead.
Grinder hits you!
You die...

#.##.# .#####
#†##.. ......
#.#### ###### #5#
#.# ########## #.#
#........# #.#
#####
#.######.######.#
#.... #.#
#....5@§..#.#
###.###
#.###.##.####.#.##
#...... #........#
#....####.#)###
#####.####
#.........#.###
#.#
##...######....
###.# ##.## #####
#...## #.# #
#.#..### #.# #
#......## ##+##


You could see Grinder.

Vanquished Creatures
  Terence (D:3)
  3 adders
  A worm (D:2)
  3 dart slugs
  2 orcs (D:3)
  3 endoplasms
  A giant cockroach (D:1)
  2 goblins (D:1)
  6 hobgoblins
  7 kobolds
  3 quokkas
  2 ball pythons (D:1)
  2 bats
  2 rats
38 creatures vanquished.

Notes
Turn   | Place    | Note
-------+----------+-------------------------------------------
     0 | D:1      | pcat the Deep Elf Air Elementalist began the quest for the
                  | Orb.
     0 | D:1      | Reached XP level 1. HP: 10/10 MP: 6/6
   326 | D:1      | Reached XP level 2. HP: 14/15 MP: 4/8
  1097 | D:2      | Reached XP level 3. HP: 19/19 MP: 3/9
  1486 | D:2      | Found a faded altar of an unknown god.
  1782 | D:3      | Noticed Terence
  1801 | D:3      | Killed Terence
  1802 | D:3      | Reached XP level 4. HP: 19/24 MP: 2/12
  2545 | D:3      | Found a transporter.
  2547 | D:3      | Noticed Zonian's ghost (weakling DrCj)
  2551 | D:3      | Found a transporter.
  2568 | D:3      | Noticed Grinder
  2591 | D:3      | Paralysed by Grinder for 4 turns
  2602 | D:3      | Paralysed by Grinder for 7 turns
  2626 | D:3      | Slain by Grinder

Illustrated notes

Levels and vault maps discovered:
D:1:      dpeg_arrival_rhombi, layout_rooms, patterned_corridor
D:2:      layout_rooms, hellmonk_ecumenical_altar_run_dry
D:3:      layout_loops_corners, gammafunk_ghost_mausoleum, serial_park_tiny_2,
          uniq_terence, uniq_grinder, uniq_natasha

Skill      XL: |  1  2  3  4 |
---------------+-------------+-----
Spellcasting   | 4 |  4.1
Air Magic      | 4 |  4.1
Conjurations   | 2 |  2.0
Fighting       | |  0.8
Dodging        | |  2.6
Stealth        | |  2.6

Action                   |  1- 3 |  4- 6 || total
-------------------------+-------+-------++-------
Melee: Unarmed           |     1 |       ||     1
       Whip              |       |     2 ||     2
 Cast: Shock             |    74 |    32 ||   106
Armor: Robe              |       |     2 ||     2
Dodge: Dodged            |    15 |     9 ||    24

Table legend: (Time is in decaauts)
 A = Elapsed time spent in this place.
 B = Non-inter-level travel time spent in this place.
 C = Inter-level travel time spent in this place.
 D = Time resting spent in this place.
 E = Time spent auto-exploring this place.
 F = Levels seen in this place.
 G = Mean time per level.
                   A        B        C        D        E       F      G
               +--------+--------+--------+--------+--------+-----+--------+
         Total |   2624 |   2577 |     47 |    333 |   1677 |   3 |  874.7 |
       Dungeon |   2624 |   2577 |     47 |    333 |   1677 |   3 |  874.7 |
               +--------+--------+--------+--------+--------+-----+--------+

Top non-repeatable levels by time:
     D:3: 1043 daAuts
     D:1: 1038 daAuts
     D:2: 542 daAuts
